 Dungeon Crawl Stone Soup version 0.25.1-2-g60ff931df9 (webtiles) character file.

Game seed: 9968021301561464183

1565 BrickInstitution the Slasher (level 8, -2/61 HPs)
             Began as a Demonspawn Berserker on Sept 17, 2020.
             Was a Priest of Trog.
             Slain by a killer bee (5 damage)
             ... on level 7 of the Dungeon.
             The game lasted 00:25:55 (4972 turns).

BrickInstitution the Slasher (Demonspawn Berserker) Turns: 4972, Time: 00:25:56

Health: -2/61      AC: 20    Str: 25    XL:     8   Next: 59%
Magic:  0/8        EV: 10    Int:  9    God:    Trog [***...]
Gold:   262        SH:  5    Dex: 13    Spells: 7/7 levels left

rFire    . . .     SeeInvis .   z - +1 flail (protect)
rCold    . . .     Gourm    .   (no shield)
rNeg     . . .     Faith    .   y - +0 chain mail
rPois    .         Spirit   +   w - +0 hat
rElec    .         Reflect  +   h - +1 cloak
rCorr    .         Harm     .   E - +0 pair of gloves
MR       .....                  (no boots)
Stlth    ..........             n - amulet of reflection
HPRegen  0.20/turn              s - +6 ring of strength
MPRegen  0.11/turn              (no ring)

@: lethally poisoned (-2 -> -6), protection aura
A: claws 1, talons 1, magic shield, rot immunity
a: Berserk, Trog's Hand, Renounce Religion


You were on level 7 of the Dungeon.
You worshipped Trog.
Trog was most pleased with you.
You were not hungry.

You visited 1 branch of the dungeon, and saw 7 of its levels.

You collected 360 gold pieces.
You spent 98 gold pieces at shops.

Inventory:

Hand Weapons
 a - a +0 falchion
 z - a +1 flail of protection (weapon)
Armour
 b - a +0 animal skin
 h - a +1 cloak (worn)
 p - a +0 ring mail
 w - a +0 hat (worn)
 y - a +0 chain mail (worn)
 E - a +0 pair of gloves (worn)
Jewellery
 n - an amulet of reflection (around neck)
 s - a +6 ring of strength (left hand)
Wands
 x - a wand of polymorph (7)
Scrolls
 f - a scroll of enchant armour {unknown}
 g - a scroll of fear
 i - 2 scrolls of fog
 m - 2 scrolls of remove curse
 o - a scroll of teleportation {unknown}
 r - a scroll of enchant weapon {unknown}
 A - a scroll of immolation
 B - a scroll of blinking {unknown}
 C - a scroll of magic mapping {unknown}
 D - a scroll of identify
Potions
 d - a potion of berserk rage
 e - 2 potions of magic
 j - a potion of ambrosia
 k - a potion of resistance
 l - 5 potions of might
 t - a potion of heal wounds {unknown}
 u - 2 potions of lignification
 v - a potion of degeneration {unknown}
Comestibles
 c - 6 rations
 F - a chunk of flesh


   Skills:
 + Level 4.6 Fighting
 + Level 5.6 Long Blades
 * Level 4.7 Maces & Flails
 * Level 5.1 Armour
 * Level 4.0 Dodging


You had 7 spell levels left.
You didn't know any spells.
Your spell library was empty.

Dungeon Overview and Level Annotations

Branches:
Dungeon (7/15)             Temple (0/1) D:6

Altars:
Nemelex Xobeh
Qazlal

Shops:
D:5 !%


Innate Abilities, Weirdness & Mutations

You have sharp fingernails.
You have sharp toenails.
When hurt, damage is shared between your health and your magic reserves.
You are immune to rotting.


Message History

You closely miss the killer bee. Your kick misses the killer bee.
You feel sick. The killer bee barely misses you. The killer bee stings you.
* * * LOW HITPOINT WARNING * * *
The killer bee stings you.
* * * LOW HITPOINT WARNING * * *
The killer bee stings you but does no damage. x2
You closely miss the killer bee. You claw the killer bee.
The killer bee is moderately wounded.
* * * LOW HITPOINT WARNING * * *
You feel sick.
The killer bee stings you but does no damage.
The killer bee stings you.
* * * LOW HITPOINT WARNING * * *
The killer bee misses you. The killer bee barely misses you.
You sock the killer bee!
Your weapon exudes an aura of protection.
The killer bee is almost dead.
* * * LOW HITPOINT WARNING * * *
You feel sick. The killer bee stings you.
You die...

# . . #.
.#####.############
#.#.#.#.#.#.#.#.#.# .
.#.#.#.#.#.#.#.#.######..
#.#.#.#.#.#.#.#.#y(......
.#.#.#.#.#.#.#.#@#.......
#.#.#.#.#.#.#.#.#y.......
.#.#.#.#.#.#.#.#.#.###.#.
#.#.#.#.#.#.#.#.#.......
.#.#.#.#.#.#.#.#.#.#....
#.#.#.#.#.#.#.#.#..###...
.#.#.#.#.#.#.#.#.#.### ..
#.#.#.#.#.#.#.#.#.... .
.#.#.#.#.#.#.#.#.#.# #


You could see 2 killer bees.

Vanquished Creatures
  An ice beast (D:6)
  2 ogres
  3 phantoms
  A centaur (D:5)
  2 bullfrogs (D:6)
  A wyvern skeleton (D:6)
  A killer bee (D:7)
  A bullfrog zombie (D:5)
  2 crimson imps (D:6)
  2 hounds
  2 orc wizards
  A jelly (D:6)
  Ijyb (D:4)
  6 worker ants
  A hound zombie (D:5)
  7 gnolls (D:6)
  A howler monkey skeleton (D:4)
  A worker ant zombie (D:6)
  9 adders
  3 shadow imps
  An ooze (D:1)
  An adder zombie (D:6)
  6 worms
  A dart slug (D:2)
  3 leopard geckos
  14 orcs
  4 giant cockroaches
  12 goblins
  5 hobgoblins
  4 jackals (D:4)
  4 bats
  7 frilled lizards
  7 kobolds
  4 rats
121 creatures vanquished.

Notes
Turn   | Place    | Note
-------+----------+-------------------------------------------
     0 | D:1      | BrickInstitution the Demonspawn Berserker began the quest
                  | for the Orb.
     0 | D:1      | Reached XP level 1. HP: 18/18 MP: 1/1
   278 | D:1      | Gained mutation: You have sharp toenails. [demonic
                  | ancestry]
   278 | D:1      | Reached XP level 2. HP: 22/24 MP: 2/2
   725 | D:2      | Reached XP level 3. HP: 27/29 MP: 3/3
  1590 | D:3      | Gained mutation: You are immune to rotting. [demonic
                  | ancestry]
  1590 | D:3      | Reached XP level 4. HP: 35/35 MP: 4/4
  1619 | D:3      | Reached ** piety under Trog
  1752 | D:3      | Found a stormy altar of Qazlal.
  1980 | D:4      | Reached XP level 5. HP: 38/41 MP: 5/5
  2471 | D:4      | Noticed a phantom
  2509 | D:4      | Killed a phantom
  2509 | D:4      | Reached XP level 6. HP: 12/48 MP: 6/6
  2822 | D:4      | Noticed Ijyb
  2837 | D:4      | Killed Ijyb
  2837 | D:4      | Reached skill level 5 in Long Blades
  3147 | D:5      | Entered Level 5 of the Dungeon
  3219 | D:5      | Found Meubiack's Food Emporium.
  3262 | D:5      | Found Licsugiel's Distillery.
  3276 | D:5      | Reached *** piety under Trog
  3291 | D:5      | Bought a potion of lignification for 42 gold pieces
  3291 | D:5      | Bought a potion of might for 56 gold pieces
  3641 | D:5      | Gained mutation: When hurt, damage is shared between your
                  | health and your magic reserves. [demonic ancestry]
  3641 | D:5      | Reached XP level 7. HP: 50/54 MP: 7/7
  3701 | D:5      | Found a sparkling altar of Nemelex Xobeh.
  3838 | D:5      | Reached skill level 1 in Maces & Flails
  3966 | D:6      | Found a staircase to the Ecumenical Temple.
  3993 | D:6      | HP: 2/54 [gnoll/+0 spear (5)]
  4174 | D:6      | Gained mutation: You have sharp fingernails. [demonic
                  | ancestry]
  4174 | D:6      | Reached XP level 8. HP: 23/61 MP: 5/8
  4886 | D:7      | Reached skill level 5 in Armour
  4972 | D:7      | HP: 3/61 [poisoned by a killer bee]
  4972 | D:7      | Slain by a killer bee

Illustrated notes

Levels and vault maps discovered:
D:1:      lightli_arrival_windingriver, layout_basic
D:2:      layout_basic, minmay_misc_feat_encased
D:3:      cheibrodos_old_hovel, layout_rooms, old_standard_altar, first_ration
D:4:      kennysheep_the_goblin_king, layout_rooms
D:5:      layout_loops_cross, serial_shops, shop, nicolae_shop_behind_doors,
          minmay_misc_feat_doors, nemelex_lonely_heart_becter
D:6:      layout_loops_ring, minmay_temple_entry_glass
D:7:      layout_basic, minmay_nine_imps, uniq_prince_ribbit1

Skill      XL: |  1  2  3  4  5  6  7  8 |
---------------+-------------------------+-----
Dodging        | 2 3 4 |  4.0
Long Blades    | 3 4 5 |  5.6
Armour         | 2 3 4 5 |  5.1
Fighting       | 4 |  4.6
Maces & Flails | 3 4 |  4.7

Action                   |  1- 3 |  4- 6 |  7- 9 || total
-------------------------+-------+-------+-------++-------
Melee: Falchion          |    95 |   150 |       ||   245
       Kick              |    21 |    64 |    68 ||   153
       Flail             |       |    47 |   170 ||   217
Invok: Berserk           |       |     2 |     1 ||     3
       Trog's Hand       |       |     1 |     1 ||     2
  Use: Scroll            |       |     9 |     1 ||    10
       Potion            |       |       |     5 ||     5
  Eat: Ration            |     1 |     1 |     1 ||     3
       Chunk             |       |     3 |     4 ||     7
Armor: Animal skin       |    28 |       |       ||    28
       Ring mail         |       |    34 |       ||    34
       Chain mail        |       |    86 |   139 ||   225
Dodge: Dodged            |    58 |    97 |   148 ||   303
Block: Other             |     2 |    53 |    52 ||   107
       Reflection        |       |     1 |       ||     1
       Rpst.: Falchion   |    14 |    28 |       ||    42
